 Dungeon Crawl Stone Soup version 0.28-a0-1117-g0bdd5ba030 (webtiles) character file.

Game seed: 3718726158992790183

111 SensoryNuts the Skirmisher (level 4, -4/40 HPs)
             Began as a Draconian Fighter on Dec 11, 2021.
             Was an Initiate of Yredelemnul.
             Killed by divine providence
             ... invoked by an orc priest
              (17 damage)
             ... on level 3 of the Dungeon.
             The game lasted 00:03:42 (2940 turns).

SensoryNuts the Skirmisher (Draconian Fighter)      Turns: 2940, Time: 00:03:43

Health: -4/40      AC:  5    Str: 20    XL:     4   Next: 62%
Magic:  4/4        EV: 12    Int:  8    God:    Yredelemnul [......]
Gold:   167        SH:  4    Dex: 11    Spells: 3/3 levels left

rFire   . . .      SeeInvis .   a - +0 long sword
rCold   . . .      Faith    .   b - +0 buckler
rNeg    . . .      Spirit   .   (armour unavailable)
rPois   .          Reflect  .   (helmet restricted)
rElec   .          Harm     .   (no cloak)
rCorr   .          Rampage  .   (no gloves)
Will    .....                   (no boots)
Stlth   +.........              (no amulet)
HPRegen 0.13/turn               (no ring)
MPRegen 0.09/turn               (no ring)

@: no status effects
A: AC +5, unfitting armour, cold-blooded
a: Renounce Religion, Recall Undead Harvest


You were on level 3 of the Dungeon.
You worshipped Yredelemnul.
Yredelemnul was noncommittal.
You visited 1 branch of the dungeon, and saw 3 of its levels.

You collected 167 gold pieces.

Inventory:

Hand Weapons
 a - a +0 long sword (weapon)
 h - a +1 short sword of holy wrath
Armour
 b - a +0 buckler (worn)
Jewellery
 o - a ring of fire
 p - an amulet of regeneration
Scrolls
 e - 3 scrolls of identify {unknown}
 f - 2 scrolls of teleportation {unknown}
 g - 2 scrolls of torment {unknown}
 i - 2 scrolls of immolation {unknown}
 j - a scroll of brand weapon {unknown}
 l - a scroll of silence {unknown}
 n - a scroll of enchant weapon {unknown}
Potions
 c - a potion of might
 d - a potion of brilliance {unknown}
 k - 2 potions of curing {unknown}
 m - a potion of berserk rage {unknown}
 q - a potion of magic {unknown}


   Skills:
 + Level 4.0 Fighting
 + Level 3.3 Long Blades
 + Level 3.2 Dodging
 + Level 0.9 Stealth
 + Level 3.4 Shields


You had 3 spell levels left.
You didn't know any spells.
Your spell library contained the following spells:

 Spells                   Type           Power      Damage    Failure   Level
 Shock                    Conj/Air       0%         1d3       43%         1


Dungeon Overview and Level Annotations

Branches:
Dungeon (3/15)

Altars:
Yredelemnul

Shops:
D:1 =   D:2 !   D:3 (


Innate Abilities, Weirdness & Mutations

Your plain brown scales are hard. (AC +5)
You cannot fit into any form of body armour.
You are cold-blooded and may be slowed by cold attacks.


Message History

No target in view!
No target in view!
No target in view!
No target in view!
You swap places.
Found Laiheh's Weapon Shoppe.
p - an amulet of regeneration
q - a fuming silvery potion
There is an entrance to Laiheh's Weapon Shoppe here.
e - 3 scrolls labelled OVIORH UGUPTYKIONE (gained 1)
You swap places.
Key pressed, stopping explore.
Found a stone staircase leading down.
There is an open door here.
Key pressed, stopping explore.
Things that are here:
a +0 club; 4 stones An orc and an orc priest come into view.
The orc shouts!
An orc comes into view. It is wielding a +0 club.
The orc priest mumbles some strange prayers to Beogh against you.
Beogh smites you!
The orc moves out of view.
The orc shouts!
An orc comes into view. It is wielding a +0 flail.
You swap places.
The orc moves out of view.
You swap places.
The orc throws a boomerang.
The boomerang hits your giant cockroach zombie.
An orc priest comes into view. It is wielding a +0 club.
You swap places.
The orc throws a boomerang.
The boomerang hits your giant cockroach zombie.
Your giant cockroach zombie is destroyed!
Okay, then.
The orc priest mumbles some strange prayers to Beogh against you.
Beogh smites you!
The orc priest begins to cast a cantrip, but forgets the words!
The orc priest calls down the wrath of Beogh upon you.
Beogh smites you!
You die...
Your body rises from the dead as a mindless zombie.

##########...............#
........Z........>########
####.############.# #.#
#.# ####.######## #.#
............# #.#
####.######.# #.# #..#
#.#####.#
#..######....Z@.#
#......oo..###.<#
#..#######.# #..# ###..#
#.# #..# ..o..# #.# #..#
###.o# ... ...# .....# ..#
#.## ####.# ..# #.# .# #.#
#oo..


You could see an orc priest, an orc and a friendly ball python zombie.

Vanquished Creatures
  Robin (D:2)
  An adder (D:2)
  2 worms
  A dart slug (D:2)
  5 bats
  3 endoplasms (D:1)
  3 giant cockroaches
  7 goblins (D:2)
  7 hobgoblins
  5 jackals
  8 kobolds
  3 quokkas
  7 ball pythons
  3 frilled lizards
  3 rats
59 creatures vanquished.

Vanquished Creatures (collateral kills)
  An adder (D:2)
  A worm (D:3)
  A dart slug (D:2)
  An orc (D:2)
  A goblin (D:2)
5 creatures vanquished.

Vanquished Creatures (others)
  A giant cockroach zombie (D:3)
  A kobold zombie (D:1)
  7 plants (D:1)
9 creatures vanquished.

Grand Total: 73 creatures vanquished

Notes
Turn   | Place    | Note
-------+----------+-------------------------------------------
     0 | D:1      | SensoryNuts the Draconian Fighter began the quest for the
                  | Orb.
     0 | D:1      | Reached XP level 1. HP: 19/19 MP: 1/1
   171 | D:1      | Reached XP level 2. HP: 25/26 MP: 2/2
   192 | D:1      | Found Rulurremn's One-of-a-Kind Rings.
   430 | D:1      | Found a faded altar of an unknown god.
   445 | D:1      | Got Plato's Papyrus of Confrontation
   469 | D:1      | Prayed at the altar of an unknown god.
   469 | D:1      | Became a worshipper of Yredelemnul the Dark
   469 | D:1      | Reached * piety under Yredelemnul
   586 | D:1      | Reached ** piety under Yredelemnul
   689 | D:1      | Reached XP level 3. HP: 33/33 MP: 3/3
   974 | D:1      | Reached *** piety under Yredelemnul
  1423 | D:2      | Found Ereqy's Distillery.
  1845 | D:2      | Noticed Robin
  1847 | D:2      | Reached XP level 4. HP: 40/40 MP: 4/4
  1854 | D:2      | Killed Robin
  2433 | D:3      | Reached skill level 4 in Fighting
  2782 | D:3      | Found Laiheh's Weapon Shoppe.
  2940 | D:3      | Killed from afar by an orc priest

Illustrated notes

Levels and vault maps discovered:
D:1:      co_arrival_hexagon_in_a_hexagon, layout_loops_ring,
          shapermc_ecumenical_altar_rom_forum, nicolae_shop_unique_rings,
          minmay_misc_feat_ornament
D:2:      layout_basic, serial_shops, shop, minmay_pentomino_s4, uniq_robin
D:3:      layout_basic, serial_shops, shop

Skill      XL: |  1  2  3  4 |
---------------+-------------+-----
Dodging        | 3 |  3.2
Long Blades    | 3 |  3.3
Fighting       | 4 |  4.0
Stealth        | |  0.9
Shields        | |  3.4

Action                   |  1- 3 |  4- 6 || total
-------------------------+-------+-------++-------
Melee: Long sword        |   100 |    51 ||   151
       Tailslap          |    11 |     2 ||    13
 Stab: Sleeping          |     1 |     1 ||     2
Armor: Skin              |    31 |    21 ||    52
Dodge: Dodged            |    59 |    27 ||    86
Block: Buckler           |    19 |    10 ||    29

Table legend: (Time is in decaauts)
 A = Elapsed time spent in this place.
 B = Non-inter-level travel time spent in this place.
 C = Inter-level travel time spent in this place.
 D = Time resting spent in this place.
 E = Time spent auto-exploring this place.
 F = Levels seen in this place.
 G = Mean time per level.
                   A        B        C        D        E       F      G
               +--------+--------+--------+--------+--------+-----+--------+
         Total |   2981 |   2981 |      0 |      0 |   2324 |   3 |  993.7 |
       Dungeon |   2981 |   2981 |      0 |      0 |   2324 |   3 |  993.7 |
               +--------+--------+--------+--------+--------+-----+--------+

Top non-repeatable levels by time:
     D:1: 1148 daAuts
     D:2: 1071 daAuts
     D:3: 761 daAuts
